 Dungeon Sprint DCSS version 0.24-a0-581-gc0fa660 (webtiles) character file.

Game seed: 5853382892709648761

16 Faca the Chopper (level 2, 0/25 HPs)
             Began as a Formicid Fighter on Aug 22, 2019.
             Was a Follower of the Shining One.
             Killed from afar by a deep elf knight (25 damage)
             ... with a shard of ice
             ... in the Dungeon (Sprint V: "Ziggurat Sprint").
             The game lasted 00:01:50 (98 turns).

Faca the Chopper (Formicid Fighter)                   Turns: 98, Time: 00:01:51

Health: 0/25       AC: 16    Str: 32    XL:     2   Next: 75%
Magic:  2/2        EV:  7    Int:  7    God:    the Shining One [*.....]
Gold:   0          SH: 13    Dex: 10    Spells: 1/1 levels left

rFire    . . .     SeeInvis +   c - +5 broad axe
rCold    . . .     Gourm    .   x - +3 shield
rNeg     . . .     Faith    .   z - +5 storm dragon scales
rPois    .         Spirit   .   (helmet unavailable)
rElec    +         Reflect  .   (no cloak)
rCorr    .         Harm     .   (no gloves)
MR       .....                  (no boots)
Stlth    ..........             (no amulet)
HPRegen  0.08/turn              E - +6 ring of strength
MPRegen  0.08/turn              F - +6 ring of strength

@: glowing
A: permanent stasis, dig shafts and tunnels, four strong arms, antennae 3
a: Dig, Renounce Religion


You were in the Dungeon.
You worshipped the Shining One.
The Shining One was aware of your devotion.
You were not hungry.

You visited 1 branch

Inventory:

Hand Weapons
 b - a +5 battleaxe
 c - a +5 broad axe (weapon)
 o - a +5 executioner's axe
Armour
 w - a +3 large shield
 x - a +3 shield (worn)
 y - +5 gold dragon scales
 z - +5 storm dragon scales (worn)
 J - the +15 Maxwell's patent armour {-Cast -Tele rElec MR+ rCorr}
   (You found it in the Dungeon)

   It insulates you from electricity.
   It affects your resistance to hostile enchantments.
   It prevents spellcasting.
   It prevents most forms of teleportation.
   It provides partial protection from all sources of acid and corrosion.
Jewellery
 a - an uncursed ring of flight
 A - a +6 ring of dexterity
 B - a +6 ring of dexterity
 C - a +6 ring of intelligence
 D - a +6 ring of intelligence
 E - a +6 ring of strength (left hand)
 F - a +6 ring of strength (right hand)
Wands
 G - a wand of disintegration (7)
 H - a wand of iceblast (7)
 I - a wand of acid (7)
Scrolls
 k - 4 scrolls of blinking
 q - 4 scrolls of amnesia
 r - 7 scrolls of fog
 s - a scroll of holy word
 t - 5 scrolls of identify
 u - 5 scrolls of remove curse
 v - 2 scrolls of fear
Potions
 d - 6 potions of might
 e - 10 potions of curing
 g - 10 potions of heal wounds
 h - 6 potions of haste
 i - 7 potions of magic
 j - 3 potions of berserk rage
 l - 2 potions of brilliance
 m - 2 potions of invisibility
 n - 4 potions of resistance
 p - 5 potions of agility
Comestibles
 f - 7 rations
 K - 3 chunks of flesh


   Skills:
 + Level 4.0 Fighting
 + Level 7.8 Axes
 - Level 3.2 Armour
 - Level 3.6 Shields


You had one spell level left.
You didn't know any spells.
Your spell library was empty.

Dungeon Overview and Level Annotations

Branches:
Dungeon (1/1)

Altars:
Ashenzari
Cheibriados
Dithmenos
Elyvilon
Fedhas
Gozag
Hepliaklqana
Kikubaaqudgha
Makhleb
Nemelex Xobeh
Okawaru
Qazlal
Ru
Sif Muna
Trog
Uskayaw
Vehumet
Wu Jian
Xom
Yredelemnul
Zin
The Shining One
Beogh
Jiyva
Lugonu

Annotations:
D 1 transporter


Innate Abilities, Weirdness & Mutations

You cannot be hasted, slowed, berserked, paralysed or teleported.
You can dig through walls and to a lower floor.
Your four strong arms can wield two-handed weapons with a shield.
You have a pair of large antennae on your head. (SInv)


Message History

You butcher the ball python corpse.
K - 3 chunks of flesh You see here a ball python skeleton.
You see here a +0 vampiric battleaxe.
You see here an uncursed staff of summoning.
There are no items here.
There is a transporter here.
Welcome to arena 2.
You enter the transporter and appear at another place.
You and your allies can now gain power from killing the unholy and evil.
A deep elf knight and 2 deep elf magi come into view.
The deep elf mage shouts!
The deep elf knight shouts!
The deep elf mage points at you and mumbles some strange words.
The shard of ice hits you!! The Shining One protects you from harm!
Found three items.
Found a transporter.
The deep elf knight casts a spell at you.
The shard of ice hits you!!
Ouch! That really hurt!
You die...

▓▓▓▓▓▓▓▓▓▓▓▓▓
▓.8©8.▓.8©8.▓
{{
▓.e=}.▓.....▓
{
▓..ee.▓.|.).▓
▓.....▓.....▓
▓.....▓..÷..▓
▓..@..▓..©..▓
▓..©..▓▓▓▓▓▓▓
▓▓▓▓▓▓▓ {{
{{{ { { {


You could see a deep elf knight and 2 deep elf magi.

Vanquished Creatures
  An adder (D)
  A ball python (D)
2 creatures vanquished.

Notes
Turn   | Place    | Note
-------+----------+-------------------------------------------
     0 | D        | Faca the Formicid Fighter began the quest for the Orb.
     0 | D        | Reached XP level 1. HP: 18/18 MP: 1/1
     0 | D        | Found a shimmering blue altar of Sif Muna.
     0 | D        | Found a bloodstained altar of Trog.
     0 | D        | Found a sacrificial altar of Ru.
     0 | D        | Found a stormy altar of Qazlal.
     0 | D        | Found an iron altar of Okawaru.
     1 | D        | Found a sparkling altar of Nemelex Xobeh.
     1 | D        | Found a blossoming altar of Fedhas.
     2 | D        | Found the +6 Majin-Bo {vamp, Archmagi MP+6 Int+6}
     2 | D        | Found the +7 great mace "Firestarter" {inner flame, rF++}
     3 | D        | Found a transporter.
     3 | D        | Found an ancient bone altar of Kikubaaqudgha.
     3 | D        | Found a viscous altar of Jiyva.
     3 | D        | Found a corrupted altar of Lugonu.
     3 | D        | Found a hazy altar of Hepliaklqana.
     3 | D        | Found a burning altar of Makhleb.
     3 | D        | Found an opulent altar of Gozag.
    36 | D        | Reached skill level 7 in Axes
    36 | D        | Reached XP level 2. HP: 24/24 MP: 2/2
    64 | D        | Became a worshipper of the Shining One
    77 | D        | Found the +9 heavy crossbow "Sniper" {velocity, Acc+∞ SInv}
    77 | D        | Found the +10 dark maul {crush}
    77 | D        | Found the +15 Maxwell's patent armour {-Cast -Tele rElec
                  | MR+ rCorr}
    77 | D        | Found the +18 shield of the Gong {rElec rN+ MR+ EV-5}
    77 | D        | Found the cursed +14 obsidian axe {chop, +Fly SInv *Curse}
    81 | D        | Entered arena 2.
    81 | D        | Found a transporter.
    97 | D        | Entered arena 3.
    97 | D        | Noticed a deep elf mage
    97 | D        | Noticed a deep elf mage
    97 | D        | Reached * piety under the Shining One
    97 | D        | Noticed a deep elf knight
    97 | D        | Found a transporter.
    97 | D        | The Shining One protects you from harm!
    98 | D        | Killed from afar by a deep elf knight

Levels and vault maps discovered:
D:        sprint_v [room_start, room_1, room_2, room_3, room_4, room_5, room_6,
          room_7, room_8, room_9, room_10, room_11, room_12, room_13, room_14,
          room_15, room_16, room_17, room_18, room_19, room_20, room_21,
          room_22, room_23, room_24, room_25, room_26, room_27]

Skill      XL: |  1  2 |
---------------+-------+-----
Axes           | 7 |  7.8
Fighting       | 4 |  4.0
Armour         | |  3.2
Shields        | |  3.6

Action                   || total
-------------------------++-------
Melee: Broad axe         ||     6
  Use: Potion            ||     1
Armor: Storm dragon scal ||     3
Dodge: Dodged            ||     1
Block: Shield            ||     6

Table legend:
 A = Non-vault XP
 B = Vault XP
 C = Vault XP percentage of total XP
 D = Non-vault monster count
 E = Vault monster count
 F = Vault count percentage of total count
                 A         B        C        D         E       F
            +---------+---------+-------+---------+---------+-------
      Total |       0 |      15 | 100.0 |       0 |       2 | 100.0
            +---------+---------+-------+---------+---------+-------
          D |       0 |      15 | 100.0 |       0 |       2 | 100.0
            +---------+---------+-------+---------+---------+-------
